 Dungeon Crawl Stone Soup version 0.28-a0-1143-gcf6077d4cc (webtiles) character file.

Game seed: 7727889743426929698

295 runemasterragnar the Grave Robber (level 6, -4/73 HPs)
             Began as a Deep Dwarf Necromancer on Dec 14, 2021.
             Slain by a hornet (9 damage)
             ... on level 5 of the Dungeon.
             The game lasted 00:07:14 (4273 turns).

runemasterragnar the Grave Robber (DDNe)            Turns: 4273, Time: 00:07:14

Health: -4/73      AC:  7    Str: 11      XL:     6   Next: 11%
Magic:  3/11       EV: 12    Int: 17 (20) God:
Gold:   118        SH:  0    Dex: 13      Spells: 7/11 levels left

rFire   . . .      SeeInvis .   i - +3 dagger (drain)
rCold   + . .      Faith    .   (no shield)
rNeg    . . .      Spirit   .   a - +0 robe
rPois   .          Reflect  .   (no helmet)
rElec   .          Harm     .   (no cloak)
rCorr   .          Rampage  .   l - +0 pair of gloves
Will    .....                   (no boots)
Stlth   ..........              (no amulet)
HPRegen 0.00/turn               c - ring of protection from cold
MPRegen 0.12/turn               (no ring)

@: berserking, lethally poisoned (-4 -> -4), slowed
A: damage resistance, heal wounds, sense surroundings 1, no regeneration,
iridescent scales 2, clever 1
a: Heal Wounds


You were on level 5 of the Dungeon.
You visited 1 branch of the dungeon, and saw 5 of its levels.

You collected 118 gold pieces.

Inventory:

Hand Weapons
 b - a +0 club
 i - a +3 dagger of draining (weapon)
 o - a +0 dagger
 s - the +6 trident of Wisdom {vorpal, *Noise rF++}
   (You found it on level 5 of the Dungeon)

   It inflicts extra damage upon your enemies.
   rF:        It greatly protects you from fire.
   *Noise:    It may make noises in combat.
Missiles
 f - 3 boomerangs
Armour
 a - a +0 robe (worn)
 l - a +0 pair of gloves (worn)
Jewellery
 c - a ring of protection from cold (left hand)
 j - a ring of protection from fire
 r - a +6 ring of strength
Wands
 m - a wand of mindburst (7)
Scrolls
 d - 2 scrolls of identify {unknown}
 e - 5 scrolls of teleportation {unknown}
 g - a scroll of vulnerability {unknown}
 h - a scroll of immolation {unknown}
 k - a scroll of noise {unknown}
 n - a scroll of enchant weapon {unknown}
 q - 3 scrolls of acquirement {unknown}
Potions
 p - a potion of berserk rage
 t - a potion of lignification {unknown}


   Skills:
 - Level 2.1 Dodging
 - Level 2.4 Stealth
 + Level 3.3 Spellcasting
 * Level 7.1 Necromancy


You had 7 spell levels left.
You knew the following spells:

 Your Spells              Type           Power      Damage    Failure   Level
a - Pain                  Necr           100%       1d9       1%          1
b - Vampiric Draining     Necr           27%        2d7       2%          3

Your spell library contained the following spells:

 Spells                   Type           Power      Damage    Failure   Level
 Animate Skeleton         Necr           54%        N/A       1%          1
 Animate Dead             Necr           13%        N/A       9%          4
 Agony                    Necr           27%        N/A       24%         5


Dungeon Overview and Level Annotations

Branches:
Dungeon (5/15)
 Temple: D:4-7

Altars:

Annotations:
D:4 Grinder


Innate Abilities, Weirdness & Mutations

You are resistant to damage.
You can heal yourself by infusing magical energy.
You passively map a small area around you.
You do not regenerate.
You are mostly covered in iridescent scales. (AC +4)
Your mind is acute. (Int +2)


Message History

Press: ? - help, Shift-Dir - straight line, f/p - hornet
Aim: a hornet (moderately wounded)
You draw life force from the hornet!
You feel life coursing into your body.
The hornet stings you but does no damage.
The hornet completely misses you.
Unknown command.
Casting: Vampiric Draining (dangerous; 2% risk of failure)
Confirm with . or Enter, or press ? or * to list all spells.
Aiming: Vampiric Draining (dangerous; 2% risk of failure)
Press: ? - help, Shift-Dir - straight line, f/p - hornet
Aim: a hornet (severely wounded)
You draw life force from the hornet.
You feel life coursing into your body.
You feel yourself speed up. The hornet stings you!
* * * LOW HITPOINT WARNING * * *
You are poisoned.
You feel yourself slow down. The hornet stings you.
* * * LOW HITPOINT WARNING * * *
You feel as though you will be slow longer.
Unknown command.
It was a potion of berserk rage.
A red film seems to cover your vision as you go berserk!
You feel yourself moving faster!
You feel mighty! The hornet closely misses you.
The hornet completely misses you. The hornet misses you.
You barely miss the hornet.
The hornet is severely wounded.
The hornet stings you.
* * * LOW HITPOINT WARNING * * *
You feel as though you will be slow longer.
You closely miss the hornet.
The hornet is severely wounded.
The hornet stings you!
* * * LOW HITPOINT WARNING * * *
You feel as though you will be slow longer.
The hornet closely misses you.
You puncture the hornet!
The hornet is almost dead.
The hornet stings you!
You die...

#........# #.######.#
*.# #.# #.# .# #.#
####.# ###.### * #.#
#....# #..... , #.#
#.##.# #.#.##*
#.###.##.######.)..##
#...................#
#####.##.#######@..##
#.#### ##y## #.# .# *
#.# .# #.# #+## #.#####
##...## #.....#
##....<######, * ###.#.#
##.......#... ,..##
######....###..........#
* #..#


You could see a hornet.

Vanquished Creatures
  A howler monkey (D:3)
  A hound (D:4)
  An iguana (D:4)
  An orc wizard (D:4)
  Natasha (D:4)
  A hound zombie (D:5)
  A hound skeleton (D:4)
  5 adders
  2 adder skeletons (D:4)
  A dart slug (D:4)
  6 orcs
  7 endoplasms
  2 giant cockroaches
  6 goblins
  6 hobgoblins
  7 jackals (D:3)
  4 kobolds
  A quokka (D:2)
  5 ball pythons
  3 bats
  6 frilled lizards
  A rat (D:2)
69 creatures vanquished.

Vanquished Creatures (others)
  2 fungi (D:1)
  A plant (D:1)
3 creatures vanquished.

Grand Total: 72 creatures vanquished

Notes
Turn   | Place    | Note
-------+----------+-------------------------------------------
     0 | D:1      | runemasterragnar the Deep Dwarf Necromancer began the quest
                  | for the Orb.
     0 | D:1      | Reached XP level 1. HP: 15/15 MP: 3/3
   639 | D:1      | Reached XP level 2. HP: 22/22 MP: 0/5
   934 | D:1      | Found a faded altar of an unknown god.
  1080 | D:1      | Reached skill level 5 in Necromancy
  1695 | D:2      | Reached XP level 3. HP: 25/28 MP: 1/6
  1699 | D:2      | Learned a level 3 spell: Vampiric Draining
  2315 | D:3      | Reached XP level 4. HP: 21/36 MP: 0/7
  2338 | D:3      | Gained mutation: You are partially covered in iridescent
                  | scales. (AC +2) [potion of mutation]
  2338 | D:3      | Gained mutation: Your mind is acute. (Int +2) [potion of
                  | mutation]
  2338 | D:3      | Gained mutation: You are mostly covered in iridescent
                  | scales. (AC +4) [potion of mutation]
  2371 | D:3      | Reached skill level 6 in Necromancy
  3118 | D:4      | Reached XP level 5. HP: 13/39 MP: 1/9
  3622 | D:4      | Noticed Grinder
  3904 | D:4      | Noticed Natasha
  3907 | D:4      | Killed Natasha
  3908 | D:4      | Reached skill level 7 in Necromancy
  3908 | D:4      | Reached XP level 6. HP: 24/49 MP: 6/10
  4100 | D:5      | Entered Level 5 of the Dungeon
  4108 | D:5      | Identified the +6 trident of Wisdom {vorpal, *Noise rF++}
  4264 | D:5      | Noticed a hornet
  4266 | D:5      | Paralysed by a hornet for 2 turns
  4273 | D:5      | Slain by a hornet

Illustrated notes

Levels and vault maps discovered:
D:1:      matt_arrival_diagonals, layout_basic,
          shapermc_ecumenical_altar_mp_urbaneastern, minmay_tetromino_o4
D:2:      layout_loops_cross
D:3:      layout_loops_ring
D:4:      layout_cave_pools, grunt_ministairs_15, uniq_natasha, uniq_grinder
D:5:      layout_loops_corners, minmay_temple_entry_trees, corner_web_ring

Skill      XL: |  1  2  3  4  5 |
---------------+----------------+-----
Spellcasting   | 2 3 |  3.3
Necromancy     | 5 6 7 |  7.1
Dodging        | |  2.1
Stealth        | |  2.4

Action                   |  1- 3 |  4- 6 || total
-------------------------+-------+-------++-------
Melee: Unarmed           |     3 |       ||     3
       Dagger            |       |   128 ||   128
 Cast: Pain              |    68 |     9 ||    77
       Vampiric Draining |       |    23 ||    23
  Use: Potion            |       |     6 ||     6
 Stab: Sleeping          |       |     2 ||     2
Armor: Robe              |     2 |    74 ||    76
Dodge: Dodged            |    17 |   102 ||   119

Table legend: (Time is in decaauts)
 A = Elapsed time spent in this place.
 B = Non-inter-level travel time spent in this place.
 C = Inter-level travel time spent in this place.
 D = Time resting spent in this place.
 E = Time spent auto-exploring this place.
 F = Levels seen in this place.
 G = Mean time per level.
                   A        B        C        D        E       F      G
               +--------+--------+--------+--------+--------+-----+--------+
         Total |   4279 |   4132 |    147 |    740 |   2625 |   5 |  855.8 |
       Dungeon |   4279 |   4132 |    147 |    740 |   2625 |   5 |  855.8 |
               +--------+--------+--------+--------+--------+-----+--------+

Top non-repeatable levels by time:
     D:1: 1259 daAuts
     D:3: 1245 daAuts
     D:2: 898 daAuts
     D:4: 701 daAuts
     D:5: 174 daAuts
